 Dungeon Crawl Stone Soup version 0.26-a0-451-gacbe401039 (webtiles) character file.

Game seed: 16324512643199070804

46 JamesBald the Conjurer (level 3, 0/24 HPs)
             Began as a Human Conjurer on July 28, 2020.
             Succumbed to an adder's poison
             ... on level 2 of the Dungeon.
             The game lasted 00:04:35 (2026 turns).

JamesBald the Conjurer (Human Conjurer)             Turns: 2026, Time: 00:04:35

Health: 0/24       AC:  2    Str: 14    XL:     3   Next: 95%
Magic:  6/6        EV: 12    Int: 18    God:
Gold:   48         SH:  0    Dex: 11    Spells: 5/6 levels left

rFire    . . .     SeeInvis .   d - +0 dagger
rCold    . . .     Faith    .   (no shield)
rNeg     . . .     Spirit   .   a - +0 robe
rPois    .         Reflect  .   (no helmet)
rElec    .         Harm     .   (no cloak)
rCorr    .                      (no gloves)
MR       .....                  (no boots)
Stlth    ++........             (no amulet)
HPRegen  0.08/turn              e - +6 ring of strength
MPRegen  0.10/turn              (no ring)

@: lethally poisoned (0 -> -10)
A: no striking features
a: no special abilities


You were on level 2 of the Dungeon.
You visited 1 branch of the dungeon, and saw 3 of its levels.

You collected 48 gold pieces.

Inventory:

Hand Weapons
 d - a +0 dagger (weapon)
Armour
 a - a +0 robe (worn)
Jewellery
 e - a +6 ring of strength (left hand)
Scrolls
 b - 3 scrolls of teleportation {unknown}
 f - 5 scrolls of identify {unknown}
 g - a scroll of remove curse {unknown}
 h - a scroll of enchant armour {unknown}
 i - a scroll of fog {unknown}
 j - a scroll of immolation {unknown}
Potions
 c - a potion of curing {unknown}


   Skills:
 + Level 0.1 Short Blades
 + Level 2.1 Dodging
 + Level 2.1 Stealth
 + Level 2.2 Spellcasting
 + Level 5.0 Conjurations


You had 5 spell levels left.
You knew the following spells:

 Your Spells              Type           Power        Failure   Level
a - Magic Dart            Conj           ###.         2%          1

Your spell library contained the following spells:

 Spells                   Type           Power        Failure   Level
 Searing Ray              Conj           ###...       3%          2
 Dazzling Flash           Conj/Hex       ##....       19%         3
 Fulminant Prism          Conj/Hex       ##........   54%         4
 Iskenderun's Mystic Bla  Conj/Tloc      ##......     54%         4


Dungeon Overview and Level Annotations

Branches:
Dungeon (3/15)

Altars:


Message History

The jackal bites you but does no damage.
The adder closely misses you.
You climb downwards.
There is a stone staircase leading up here.
The jackal bites you. x2
You climb upwards.
The bat hits you but does no damage. The adder bites you.
You are poisoned.
The adder poisons you! The kobold misses you. The adder bites you.
* * * LOW HITPOINT WARNING * * *
The kobold hits you but does no damage.
There is a stone staircase leading down here.
You feel sick. The jackal misses you. The adder bites you.
* * * LOW HITPOINT WARNING * * *
The jackal barely misses you. The kobold closely misses you.
The jackal barely misses you. The kobold barely misses you.
The adder bites you.
* * * LOW HITPOINT WARNING * * *
You are more poisoned.
The adder poisons you! The jackal misses you. The kobold barely misses you.
You die...

....###..# #....$.#
#####..## ##..#### ..
#.....###...#
..##########.###.......#
#......†.........###...#
#.<.........# .#
##@S........#
#.Kb.......#
#hh>.......#
#..........#
#........[.#
#..........#
#..........#
############


You could see an adder, 2 jackals, a bat and a kobold.

Vanquished Creatures
  2 adders (D:2)
  2 dart slugs (D:1)
  2 leopard geckos (D:1)
  4 bats
  A bat zombie (D:1)
  A giant cockroach (D:1)
  A goblin (D:1)
  4 hobgoblins (D:1)
  A kobold (D:1)
  2 frilled lizards
  A leopard gecko zombie (D:1)
  3 rats (D:1)
24 creatures vanquished.

Notes
Turn   | Place    | Note
-------+----------+-------------------------------------------
     0 | D:1      | JamesBald the Human Conjurer began the quest for the Orb.
     0 | D:1      | Reached XP level 1. HP: 13/13 MP: 3/3
   270 | D:1      | Reached XP level 2. HP: 19/19 MP: 0/5
  1228 | D:1      | Reached XP level 3. HP: 24/24 MP: 2/6
  1885 | D:2      | Reached skill level 5 in Conjurations
  2025 | D:2      | HP: 1/24 [adder (3)]
  2026 | D:2      | Succumbed to an adder's poison

Illustrated notes

Levels and vault maps discovered:
D:1:      saegor_arrival_fortress, layout_basic, serial_glass, glass_columns_b,
          glass_columns_a, item_on_display_a, due_unseen_surprise,
          item_on_display_a, feat_on_display
D:2:      layout_rooms, chequers_temple_overflow_minitemple
D:3:      layout_basic, serial_bayou_pond_e, uniq_robin

Skill      XL: |  1  2  3 |
---------------+----------+-----
Conjurations   | 5 |  5.0
Short Blades   | |  0.1
Dodging        | |  2.1
Stealth        | |  2.1
Spellcasting   | |  2.2

Action                   || total
-------------------------++-------
Melee: Dagger            ||    24
       Unarmed           ||     2
 Cast: Magic Dart        ||    50
Armor: Robe              ||    24
Dodge: Dodged            ||    64

Table legend: (Time is in decaauts)
 A = Elapsed time spent in this place.
 B = Non-inter-level travel time spent in this place.
 C = Inter-level travel time spent in this place.
 D = Time resting spent in this place.
 E = Time spent auto-exploring this place.
 F = Levels seen in this place.
 G = Mean time per level.
                   A        B        C        D        E       F      G
               +--------+--------+--------+--------+--------+-----+--------+
         Total |   2026 |   2026 |      0 |    664 |    929 |   3 |  675.3 |
       Dungeon |   2026 |   2026 |      0 |    664 |    929 |   3 |  675.3 |
               +--------+--------+--------+--------+--------+-----+--------+

Top non-repeatable levels by time:
     D:1: 1875 daAuts
     D:2: 148 daAuts
     D:3: 1 daAuts
